Unix NetHack Version 5.0.0-0 post-release - last build May 17 2026 04:57:42 (dc50c8380fa5e20985bfe3072449f57b8d9895ef,branch:main).

Game began 2026-05-22 00:24:46, ended 2026-05-22 00:43:16.

Brudee, neutral female human Tourist

                                    ---------------
                 -----              |............<.#
                 |...|              |.............|#
                #-...-#             +.............|#
                #|.({|#             |.............|#
               ##-----#             -------------|-#              --------
            ####      #                            #              |......|
            #         #                            #              |......|
  ----------#         #                            #              |......|
  |..).....-#         #    -----------.---         #              |....`.|
  |...%....|          #    |.............|         #            ##.......|
  |....)[[.|          #### |.............|         # -----      # --------
  |(...[).)|             # |...>.........|         # |...|      #
  |...()(..|             ##-...........KK|         # |....#######
  ----------               |.............K#        # |...|
                           ---------------#)       # |...|
                                           )@K##%####-...|
                                                     -----

Brudee the Sightseer        St:12 Dx:13 Co:14 In:15 Wi:10 Ch:14  Neutral S:806
Dlvl:4  $:0  HP:0(32) Pw:19(19) AC:8  Xp:4/149 T:3154  Satiated

Latest messages:
 You kill the Keystone Kop!
 a - 3 +2 darts (at the ready) (13 in total).
 You see here a Keystone Kop corpse.
 You hear some noises in the distance.
 You have a sad feeling for a moment, then it passes.
 In what direction? h
 The dart hits the Keystone Kop.
 In what direction? h
 You kill the Keystone Kop!
 In what direction? h
 You kill it!
 The Kop Lieutenant hits!
 a - a +2 dart (at the ready) (11 in total).
 You see here a rubber hose.
 The Keystone Kop picks up a +2 dart.
 You miss the Keystone Kop.
 The Kop Lieutenant hits!
 The Keystone Kop misses!
 In what direction? h
 You kill the Keystone Kop!
 The Kop Lieutenant hits!
 You kill the newt!
 The Kop Lieutenant hits!
 In what direction? h
 The Kop Lieutenant hits!
 a - a +2 dart (at the ready) (10 in total).
 a - a +2 dart (at the ready) (11 in total).
 The Kop Lieutenant picks up a rubber hose.
 Bordeyri zaps a crystal wand!
 The wand misses you.
 In what direction? y
 The dart misses Bordeyri.
 The Kop Lieutenant wields a rubber hose!
 The cream pie misses Bordeyri.
 You catch the cream pie! p - a cream pie.
 Bordeyri zaps a crystal wand!
 The wand hits you!
 What do you want to read? [imnEST or ?*] ?
 What do you want to read? [imnEST or ?*] <space>
 Never mind.
 What do you want to zap? [JKN or ?*] J
 You feel self-knowledgeable...
 The feeling subsides.
 The Kop Lieutenant lashes his rubber hose.
 The Kop Lieutenant hits!
 Bordeyri zaps a wand of striking!
 The wand hits you!
 You die...
 Bordeyri takes all your possessions.
 Do you want to see what you had when you died? [ynq] (y) q

Inventory:
 Amulets  ('"')
  I - an uncursed amulet of ESP
 Weapons  (')')
  a - 10 +2 darts (at the ready)
  z - the rustproof +2 Trollsbane (weapon in right hand)
 Armor    ('[')
  M - an uncursed +0 pair of jumping boots
  C - an uncursed +0 pair of low boots (being worn)
  j - a blessed +1 Hawaiian shirt with a tropical fish motif (being worn)
 Comestibles  ('%')
  p - an uncursed cream pie
  c - 3 uncursed food rations
  f - an uncursed food ration
  G - 2 uncursed fortune cookies
  B - an uncursed partly eaten lembas wafer
  e - an uncursed orange
  b - an uncursed tin of sauteed sewer rat meat
 Scrolls  ('?')
  E - an uncursed scroll of blank paper
  n - a blessed scroll of light
  T - an uncursed scroll of light
  i - 4 uncursed scrolls of magic mapping
 Spellbooks  ('+')
  S - an uncursed spellbook of chain lightning
  m - an uncursed spellbook of detect monsters
 Potions  ('!')
  d - an uncursed potion of blindness
  Z - an uncursed potion of blindness
  h - 2 uncursed potions of extra healing
  X - an uncursed potion of healing
  W - a blessed potion of object detection
  Y - a cursed potion of restore ability
  Q - a blessed potion of see invisible
  R - a cursed potion of sickness
  O - an uncursed potion of sleeping
 Rings    ('=')
  P - an uncursed ring of aggravate monster
  H - an uncursed ring of conflict
 Wands    ('/')
  N - a wand of cold (0:8)
  J - a wand of enlightenment (0:13)
  K - a wand of polymorph (0:6)
 Tools    ('(')
  l - an uncursed credit card
  k - an expensive camera (0:42)

Brudee the Tourist's attributes:

Background:
 You were a Sightseer, a level 4 female human Tourist.
 You were neutral, on a mission for The Lady
 who was opposed by Blind Io (lawful) and Offler (chaotic).
 You were right-handed.
 You were in the Dungeons of Doom, on level 4.
 You entered the dungeon 3154 turns ago.
 It was the midnight hour.
 You had 149 experience points, 11 more were needed to attain level 5.
 Your score was 806 before end-of-game adjustments.

Basics:
 You had 0 out of 32 hit points.
 You had all 19 energy points (spell power).
 Your armor class was 8.
 Your wallet was empty.
 Autopickup was on for '$!=+?/"' plus thrown.

Final Characteristics:
 Your strength was 12 (limit:18/100).
 Your dexterity was 13 (limit:18).
 Your constitution was 14 (limit:18).
 Your intelligence was 15 (limit:18).
 Your wisdom was 10 (limit:18).
 Your charisma was 14 (limit:18).

Final Status:
 You were satiated.
 You were unencumbered.
 You were wielding a morning star.
 You were unskilled in morning star.

Final Attributes:
 You were piously aligned.
 You regenerated.
 You are dead.

Miscellaneous:
 You didn't encounter any bones levels.
 Total elapsed playing time was 18 minutes and 28 seconds.

Major events:
 Turn
    1: Brudee the neutral female human Tourist entered the dungeon
 1849: attained the rank of Sightseer (level 3)
 2241: was bestowed with Trollsbane by The Lady
 2482: entered the Gnomish Mines
 3093: stole 4165 zorkmids worth of merchandise from Bordeyri's general store
 3154: killed by a wand

Spells:
 Name                 Level Category     Fail Retention
 chain lightning        2   attack        84%  76%-100%
 detect monsters        1   divination     3%  76%-100%

Skills:
 Fighting Skills
   bare handed combat [Unskilled]
   two weapon combat  [Unskilled]
   riding             [Unskilled]
 Weapon Skills
   dagger             [Unskilled]
   knife              [Unskilled]
   axe                [Unskilled]
   pick-axe           [Unskilled]
   short sword        [Unskilled]
   broadsword         [Unskilled]
   long sword         [Unskilled]
   two-handed sword   [Unskilled]
   saber              [Unskilled]
   mace               [Unskilled]
   morning star       [Unskilled]
   flail              [Unskilled]
   hammer             [Unskilled]
   quarterstaff       [Unskilled]
   polearms           [Unskilled]
   spear              [Unskilled]
   trident            [Unskilled]
   lance              [Unskilled]
   bow                [Unskilled]
   sling              [Unskilled]
   crossbow           [Unskilled]
   dart               [Basic]
   shuriken           [Unskilled]
   boomerang          [Unskilled]
   whip               [Unskilled]
   unicorn horn       [Unskilled]
 Spellcasting Skills
   divination spells  [Unskilled]
   enchantment spells [Unskilled]
   escape spells      [Unskilled]

Voluntary challenges:
 Character rerolling was not enabled.
 You followed a strict vegan diet.
 You never genocided any monsters.
 You never polymorphed an object.
 You never changed form.
 You used no wishes.
Achievements:
 You attained the rank of Sightseer.
 You entered the Gnomish Mines.
 You entered a shop.

 The Dungeons of Doom: levels 1 to 4
    Level 1:
       An altar to The Lady, a fountain.
    Level 2:
       Stairs down to The Gnomish Mines.
    Level 3:
    Level 4: <- You were here.
       A general store, a fountain.
       Final resting place for
          you, killed by a wand.
 The Gnomish Mines:
    Level 3:


Vanquished creatures:
 an imp
  a rock piercer
  a pony
  2 giant ants
  a little dog
  a Kop Sergeant
  2 coyotes
  2 giant rats
  a gnome
  9 Keystone Kops
  a gecko
  8 jackals
  3 foxes
  3 kobolds
  a sewer rat
  2 grid bugs
  7 lichens
  3 kobold zombies
  5 newts
54 creatures vanquished.

No species were genocided or became extinct.

Game over:
                       ----------
                      /          \
                     /    REST    \
                    /      IN      \
                   /     PEACE      \
                  /                  \
                  |      Brudee      |
                  |       0 Au       |
                  | killed by a wand |
                  |                  |
                  |                  |
                  |                  |
                  |       2026       |
                 *|     *  *  *      | *
        _________)/\\_//(\/(/\)/\//\/|_)_______

Aloha Brudee the Tourist...

You died in The Dungeons of Doom on dungeon level 4 with 806 points,
and 0 pieces of gold, after 3154 moves.
You were level 4 with a maximum of 32 hit points when you died.

